TOP OF THE 1ST |
Minnesota Twins batting - Pitching for Seattle Mariners : RHP Luis M. Castillo
|
Pitching: RHP Luis M. Castillo
|
|
Batting: RHB Whit Merrifield
|
0-0: SINGLE (Flyball, 89M, EV 92.5 MPH)
|
Batting: LHB Derek Dietrich
|
0-0: Ball 1-0: Called Strike 1-1: Ball 2-1: Called Strike 2-2: Strikes out swinging
|
Batting: LHB Freddie Freeman
|
0-0: Swinging Strike 0-1: Ball 1-1: Foul Ball, location: 2F 1-2: Ball 2-2: Foul Ball, location: 2F 2-2: Fly out, F8 (Flyball, 8RXD, EV 91.3 MPH)
|
Batting: LHB Jay Bruce
|
0-0: Ball 1-0: Called Strike 1-1: Ball 2-1: Ball 3-1: Foul Ball, location: 2F 3-2: Strikes out swinging
|
Top of the 1st over - 0 runs, 1 hit, 0 errors, 1 left on base; Minnesota 0 - Seattle 0 |
BOTTOM OF THE 1ST |
Seattle Mariners batting - Pitching for Minnesota Twins : RHP Matt Harvey
|
Pitching: RHP Matt Harvey
|
|
Batting: RHB Brian Dozier
|
0-0: Foul Ball, location: 2F 0-1: Foul Ball, location: 2F 0-2: Ball 1-2: Ball 2-2: DOUBLE (Flyball, 8LXD, EV 96.3 MPH)
|
Batting: LHB Brandon Nimmo
|
0-0: Called Strike 0-1: Called Strike 0-2: Strikes out swinging
|
Batting: RHB Manny Machado
|
0-0: Ground out 5-3 (Groundball, 5, EV 90.6 MPH)
|
Batting: RHB Kris Bryant
|
0-0: Ball 1-0: Ground out 4-3 (Groundball, 4, EV 104.4 MPH)
|
Bottom of the 1st over - 0 runs, 1 hit, 0 errors, 1 left on base; Minnesota 0 - Seattle 0 |
TOP OF THE 2ND |
Minnesota Twins batting - Pitching for Seattle Mariners : RHP Luis M. Castillo
|
Batting: RHB Avisail Garcia
|
0-0: Ball 1-0: Ball 2-0: Ball 3-0: Called Strike 3-1: Swinging Strike 3-2: Base on Balls
|
Batting: RHB Maikel Franco
|
0-0: Grounds into double play, 6-4-3 (Groundball, 6, EV 91.9 MPH)
|
Batting: RHB Adam Jones
|
0-0: Hit by Pitch
|
Batting: RHB Chris Iannetta
|
0-0: Foul Ball, location: 2F 0-1: Swinging Strike 0-2: Fly out, F8 (Flyball, 89M, EV 93.8 MPH)
|
Top of the 2nd over - 0 runs, 0 hits, 0 errors, 1 left on base; Minnesota 0 - Seattle 0 |
BOTTOM OF THE 2ND |
Seattle Mariners batting - Pitching for Minnesota Twins : RHP Matt Harvey
|
Batting: RHB Yoenis Cespedes
|
0-0: Called Strike 0-1: Ground out U3 (Groundball, 3, EV 80.6 MPH)
|
Batting: RHB Tyler O'Neill
|
0-0: Called Strike 0-1: Foul Ball, location: 2F 0-2: Fly out, F7 (Flyball, 78D, EV 95.6 MPH)
|
Batting: RHB Mark Reynolds
|
0-0: Fly out, F7 (Flyball, 7LS, EV 73.1 MPH)
|
Bottom of the 2nd over - 0 runs, 0 hits, 0 errors, 0 left on base; Minnesota 0 - Seattle 0 |
TOP OF THE 3RD |
Minnesota Twins batting - Pitching for Seattle Mariners : RHP Luis M. Castillo
|
Batting: RHB Miguel Rojas
|
0-0: Hit by Pitch
|
Batting: RHB Whit Merrifield
|
0-0: Called Strike 0-1: Ground out U3 (Groundball, 34, EV 82.5 MPH) Miguel Rojas to second
|
Batting: LHB Derek Dietrich
|
0-0: Called Strike 0-1: Fly out, F6 (Popup, 6M, EV 73.1 MPH)
|
Batting: LHB Freddie Freeman
|
0-0: Ball 1-0: Called Strike 1-1: Ball 2-1: Called Strike 2-2: Fly out, F4 (Popup, 34, EV 63.8 MPH)
|
Top of the 3rd over - 0 runs, 0 hits, 0 errors, 1 left on base; Minnesota 0 - Seattle 0 |
BOTTOM OF THE 3RD |
Seattle Mariners batting - Pitching for Minnesota Twins : RHP Matt Harvey
|
Batting: LHB Preston Tucker
|
0-0: Ball 1-0: SINGLE (Groundball, 34D, EV 100.6 MPH)
|
Batting: RHB Willians Astudillo
|
0-0: Called Strike 0-1: Ball 1-1: Ball 2-1: Fielders Choice at 2nd, 4-6 (Groundball, 4M, EV 103.1 MPH)
|
Batting: RHB Brian Dozier
|
0-0: Ball 1-0: Called Strike 1-1: Called Strike 1-2: Strikes out swinging
|
Batting: LHB Brandon Nimmo
|
0-0: Fielders Choice at 2nd, 5-4 (Groundball, 6, EV 101.9 MPH)
|
Bottom of the 3rd over - 0 runs, 1 hit, 0 errors, 1 left on base; Minnesota 0 - Seattle 0 |
TOP OF THE 4TH |
Minnesota Twins batting - Pitching for Seattle Mariners : RHP Luis M. Castillo
|
Batting: LHB Jay Bruce
|
0-0: Foul Ball, location: 2F 0-1: Ball 1-1: Ball 2-1: Ball 3-1: Base on Balls
|
Batting: RHB Avisail Garcia
|
0-0: Called Strike 0-1: Ball 1-1: Ball 2-1: Foul Ball, location: 2F 2-2: Foul Ball, location: 2F 2-2: Foul Ball, location: 2F 2-2: Fly out, F9 (Flyball, 9S, EV 90.0 MPH)
|
Batting: RHB Maikel Franco
|
0-0: Called Strike 0-1: Foul Ball, location: 2F 0-2: Ball 1-2: Foul Ball, location: 2F 1-2: Ball 2-2: Fly out, F8 (Flyball, 8RS, EV 85.6 MPH)
|
Batting: RHB Adam Jones
|
0-0: Ball 1-0: Fly out, F9 (Line Drive, 9, EV 88.8 MPH)
|
Top of the 4th over - 0 runs, 0 hits, 0 errors, 1 left on base; Minnesota 0 - Seattle 0 |
BOTTOM OF THE 4TH |
Seattle Mariners batting - Pitching for Minnesota Twins : RHP Matt Harvey
|
Batting: RHB Manny Machado
|
0-0: Ball 1-0: Ball 2-0: Foul Ball, location: 2F 2-1: Swinging Strike 2-2: Ball 3-2: Foul Ball, location: 2F 3-2: Foul Ball, location: 2F 3-2: Base on Balls
|
Pitching: RHP Austin Adams
|
|
Batting: RHB Kris Bryant
|
0-0: Ball 1-0: Grounds into double play, 6-4-3 (Groundball, 6D, EV 101.3 MPH)
|
Batting: RHB Yoenis Cespedes
|
0-0: Ball 1-0: Ground out 1-3 (Groundball, 13S, EV 70.0 MPH)
|
Bottom of the 4th over - 0 runs, 0 hits, 0 errors, 0 left on base; Minnesota 0 - Seattle 0 |
TOP OF THE 5TH |
Minnesota Twins batting - Pitching for Seattle Mariners : RHP Luis M. Castillo
|
Batting: RHB Chris Iannetta
|
0-0: Foul Ball, location: 2F 0-1: Swinging Strike 0-2: Strikes out swinging
|
Batting: RHB Miguel Rojas
|
0-0: Foul Ball, location: 2F 0-1: Foul Ball, location: 2F 0-2: Ball 1-2: Ball 2-2: Ball 3-2: SINGLE (Groundball, 56D, EV 101.3 MPH)
|
Batting: RHB Whit Merrifield
|
0-0: Called Strike 0-1: Ball 1-1: Swinging Strike 1-2: Ball 2-2: Foul Ball, location: 2F 2-2: Foul Ball, location: 2F 2-2: Strikes out swinging
|
Batting: LHB Derek Dietrich
|
0-0: Ball 1-0: Foul Ball, location: 2F 1-1: Ball 2-1: Foul Ball, location: 2F 2-2: Ball 3-2: Fly out, F7 (Flyball, 7LS, EV 91.3 MPH)
|
Top of the 5th over - 0 runs, 1 hit, 0 errors, 1 left on base; Minnesota 0 - Seattle 0 |
BOTTOM OF THE 5TH |
Seattle Mariners batting - Pitching for Minnesota Twins : RHP Austin Adams
|
Batting: RHB Tyler O'Neill
|
0-0: Foul Ball, location: 2F 0-1: Foul Ball, location: 2F 0-2: Ball 1-2: Foul Ball, location: 2F 1-2: SINGLE (Groundball, 56S, EV 67.5 MPH) (infield hit)
|
Batting: RHB Mark Reynolds
|
0-0: Ball 1-0: Foul Ball, location: 2F 1-1: Foul Ball, location: 2F 1-2: Grounds into double play, 5-4-3 (Groundball, 56, EV 111.9 MPH)
|
Batting: LHB Preston Tucker
|
0-0: Ball 1-0: Called Strike 1-1: Swinging Strike 1-2: SINGLE (Flyball, 78S, EV 97.5 MPH)
|
Batting: RHB Willians Astudillo
|
0-0: Called Strike 0-1: Foul Ball, location: 2F 0-2: Ball 1-2: Ball 2-2: Ball 3-2: Reached on error, E6 (Groundball, 6, EV 84.4 MPH) Preston Tucker to second
|
Batting: RHB Brian Dozier
|
0-0: Called Strike 0-1: Called Strike 0-2: Strikes out swinging
|
Bottom of the 5th over - 0 runs, 2 hits, 1 error, 2 left on base; Minnesota 0 - Seattle 0 |
TOP OF THE 6TH |
Minnesota Twins batting - Pitching for Seattle Mariners : RHP Luis M. Castillo
|
Batting: LHB Freddie Freeman
|
0-0: Foul Ball, location: 2F 0-1: Ball 1-1: Ball 2-1: Fly out, F8 (Line Drive, 8LM, EV 90.0 MPH)
|
Batting: LHB Jay Bruce
|
0-0: Called Strike 0-1: Foul Ball, location: 2F 0-2: Strikes out swinging
|
Batting: RHB Avisail Garcia
|
0-0: Called Strike 0-1: Ball 1-1: Ball 2-1: Ground out 2-3 (Groundball, 2R, EV 67.5 MPH)
|
Top of the 6th over - 0 runs, 0 hits, 0 errors, 0 left on base; Minnesota 0 - Seattle 0 |
BOTTOM OF THE 6TH |
Seattle Mariners batting - Pitching for Minnesota Twins : RHP Austin Adams
|
Batting: LHB Brandon Nimmo
|
0-0: Called Strike 0-1: Ball 1-1: Ball 2-1: Foul Ball, location: 2F 2-2: SINGLE (Line Drive, 56, EV 110.0 MPH)
|
Pitching: RHP Trey Wingenter
|
|
Batting: RHB Manny Machado
|
0-0: Ball 1-0: Ball 2-0: Ball 3-0: Called Strike 3-1: Foul Ball, location: 2F 3-2: Foul Ball, location: 2F 3-2: Base on Balls Brandon Nimmo to second
|
Batting: RHB Kris Bryant
|
0-0: Ball 1-0: Swinging Strike 1-1: Foul Ball, location: 2F 1-2: Ball 2-2: Foul Ball, location: 2F 2-2: Foul Ball, location: 2F 2-2: Strikes out looking
|
Pitching: RHP Joe Kelly
|
|
Batting: RHB Yoenis Cespedes
|
0-0: Ball 1-0: Called Strike 1-1: Ball 2-1: Called Strike 2-2: Foul Ball, location: 2F 2-2: SINGLE (Groundball, 56D, EV 95.0 MPH) Brandon Nimmo to third Manny Machado to second Throwing error, E7 Brandon Nimmo scores Manny Machado to third Yoenis Cespedes to second
|
Batting: RHB Tyler O'Neill
|
0-0: Ball 1-0: Ball 2-0: Swinging Strike 2-1: Foul Ball, location: 2F 2-2: Foul Ball, location: 2F 2-2: Ball 3-2: Strikes out swinging
|
Batting: RHB Mark Reynolds
|
0-0: Called Strike 0-1: Ball 1-1: Ball 2-1: Ball 3-1: Called Strike 3-2: Foul Ball, location: 2F 3-2: SINGLE (Line Drive, 9S, EV 99.4 MPH) Manny Machado scores Yoenis Cespedes to third Yoenis Cespedes scores
|
Batting: LHB Preston Tucker
|
0-0: Called Strike 0-1: Foul Ball, location: 2F 0-2: Ball 1-2: Fly out, F8 (Flyball, 8RM, EV 93.8 MPH)
|
Bottom of the 6th over - 3 runs, 3 hits, 1 error, 1 left on base; Minnesota 0 - Seattle 3 |
TOP OF THE 7TH |
Minnesota Twins batting - Pitching for Seattle Mariners : RHP Luis M. Castillo
|
Batting: RHB Maikel Franco
|
0-0: Fly out, F9 (Flyball, 89S, EV 78.1 MPH)
|
Batting: RHB Adam Jones
|
0-0: Ball 1-0: Foul Ball, location: 2F 1-1: Swinging Strike 1-2: DOUBLE (Line Drive, 8RXD, EV 98.8 MPH)
|
Batting: RHB Chris Iannetta
|
0-0: Ball 1-0: Called Strike 1-1: Foul Ball, location: 2F 1-2: Ball 2-2: Ball 3-2: Fly out, F9 (Flyball, 89D, EV 97.5 MPH) Runner from 2nd tags up, SAFE at 3rd, no throw by RF
|
Batting: RHB Miguel Rojas
|
0-0: Ground out 2-3 (Groundball, 15S, EV 71.9 MPH)
|
Top of the 7th over - 0 runs, 1 hit, 0 errors, 1 left on base; Minnesota 0 - Seattle 3 |
BOTTOM OF THE 7TH |
Seattle Mariners batting - Pitching for Minnesota Twins : RHP Joe Kelly
|
Pitching: RHP Tommy Kahnle
|
|
Batting: RHB Willians Astudillo
|
0-0: Ground out U3 (Groundball, 3L, EV 83.8 MPH)
|
Batting: RHB Brian Dozier
|
0-0: Called Strike 0-1: Ball 1-1: Ball 2-1: Foul Ball, location: 2F 2-2: Fly out, F7 (Flyball, 7S, EV 96.3 MPH)
|
Batting: LHB Brandon Nimmo
|
0-0: Called Strike 0-1: Called Strike 0-2: Foul Ball, location: 2F 0-2: Ball 1-2: Strikes out swinging
|
Bottom of the 7th over - 0 runs, 0 hits, 0 errors, 0 left on base; Minnesota 0 - Seattle 3 |
TOP OF THE 8TH |
Minnesota Twins batting - Pitching for Seattle Mariners : RHP Luis M. Castillo
|
Batting: RHB Whit Merrifield
|
0-0: Foul Ball, location: 2F 0-1: Ball 1-1: Foul Ball, location: 2F 1-2: Fly out, F3 (Popup, 3S, EV 77.5 MPH)
|
Pitching: RHP Ken Giles
|
|
Batting: LHB Derek Dietrich
|
0-0: Ball 1-0: Fly out, F8 (Line Drive, 8RM, EV 88.8 MPH)
|
Batting: LHB Freddie Freeman
|
0-0: Called Strike 0-1: Ball 1-1: Ball 2-1: Ball 3-1: SINGLE (Flyball, 9LS, EV 92.5 MPH)
|
Batting: LHB Jay Bruce
|
0-0: Foul Ball, location: 2F 0-1: Ball 1-1: Ball 2-1: Foul Ball, location: 2F 2-2: Strikes out swinging
|
Top of the 8th over - 0 runs, 1 hit, 0 errors, 1 left on base; Minnesota 0 - Seattle 3 |
BOTTOM OF THE 8TH |
Seattle Mariners batting - Pitching for Minnesota Twins : RHP Tommy Kahnle
|
Pitching: RHP Shawn Kelley
|
|
Batting: RHB Manny Machado
|
0-0: Ball 1-0: Called Strike 1-1: Ball 2-1: Foul Ball, location: 2F 2-2: Strikes out swinging
|
Batting: RHB Kris Bryant
|
0-0: Called Strike 0-1: Swinging Strike 0-2: Strikes out swinging
|
Batting: RHB Yoenis Cespedes
|
0-0: Ball 1-0: Ball 2-0: Ball 3-0: Called Strike 3-1: Called Strike 3-2: Strikes out swinging
|
Bottom of the 8th over - 0 runs, 0 hits, 0 errors, 0 left on base; Minnesota 0 - Seattle 3 |
TOP OF THE 9TH |
Minnesota Twins batting - Pitching for Seattle Mariners : RHP Ken Giles
|
Pitching: LHP Brad Hand
|
|
Batting: RHB Avisail Garcia
|
0-0: Ball 1-0: Called Strike 1-1: Foul Ball, location: 2F 1-2: Foul Ball, location: 2F 1-2: Foul Ball, location: 2F 1-2: Strikes out looking
|
Batting: RHB Maikel Franco
|
0-0: Called Strike 0-1: Ground out 6-3 (Groundball, 6, EV 102.5 MPH)
|
Batting: RHB Adam Jones
|
0-0: Ball 1-0: Ball 2-0: Ball 3-0: Base on Balls
|
Batting: RHB Chris Iannetta
|
0-0: Ball 1-0: Called Strike 1-1: Foul Ball, location: 2F 1-2: Strikes out looking
|
Top of the 9th over - 0 runs, 0 hits, 0 errors, 1 left on base; Minnesota 0 - Seattle 3 |
|